 Dungeon Crawl Stone Soup version 0.25-a0-265-g7af84ae (webtiles) character file.

Game seed: 9990639653248518430, levelgen mode: deterministic

14 Anathematize the Skirmisher (level 2, -2/36 HPs)
             Began as a Demonspawn Monk on Dec 7, 2019.
             Slain by a gnoll
             ... wielding a +0 spear
              (5 damage)
             ... on level 1 of the Dungeon.
             The game lasted 00:02:07 (951 turns).

Anathematize the Skirmisher (Demonspawn Monk)        Turns: 951, Time: 00:02:07

Health: -2/36      AC: 21    Str: 11    XL:     2   Next: 31%
Magic:  2/2        EV:  2    Int: 11    God:
Gold:   57         SH:  0    Dex: 20    Spells: 1/1 levels left

rFire    . . .     SeeInvis .     - Unarmed
rCold    . . .     Gourm    .   (no shield)
rNeg     + + +     Faith    .   (armour currently unavailable)
rPois    +         Spirit   .   (helmet currently unavailable)
rElec    .         Reflect  .   (cloak currently unavailable)
rCorr    .         Harm     .   (gloves currently unavailable)
MR       .....     NoTele   +   (boots currently unavailable)
Stlth    +++.......             (no amulet)
HPRegen  0.12/turn              (no ring)
MPRegen  0.08/turn              (no ring)

@: agile, tree-form
A: no striking features
a: no special abilities


You were on level 1 of the Dungeon.
You were not hungry.
You were a tree.
You visited 1 branch of the dungeon, and saw 1 of its levels.

You collected 57 gold pieces.

Inventory:

Missiles
 d - 38 stones (quivered)
Armour
 a - a +0 robe
 c - a +0 ring mail (melded)
Jewellery
 h - an uncursed ring of see invisible {unknown}
Comestibles
 b - 3 rations
 i - 5 chunks of flesh


   Skills:
 + Level 3.2 Fighting
 - Level 2.6 Dodging
 - Level 1.7 Stealth
 * Level 3.2 Unarmed Combat


You had one spell level left.
You didn't know any spells.
Your spell library was empty.

Dungeon Overview and Level Annotations

Branches:
Dungeon (1/15)

Altars:


Innate Abilities, Weirdness & Mutations

((You have sharp toenails.))


Message History

The gnoll hits you but does no damage. The gnoll hits you but does no damage.
The gnoll completely misses you. The gnoll hits you but does no damage.
The gnoll hits you but does no damage. The gnoll completely misses you.
The gnoll hits you from afar with a +0 spear.
* * * LOW HITPOINT WARNING * * *
The gnoll barely misses you. The gnoll hits you but does no damage.
The gnoll hits you but does no damage. The gnoll completely misses you.
The gnoll hits you but does no damage. The gnoll hits you but does no damage.
The gnoll hits you from afar with a +0 spear.
* * * LOW HITPOINT WARNING * * *
The gnoll hits you but does no damage. The gnoll hits you but does no damage.
The gnoll hits you from afar with a +0 spear.
You die...

#......# # ######## # # #
##################
#........[........ *****
#.################ # *,,,*
#.#,,,,,,,,,,,* ######,,,*
#♣#*,********,* .....#,,,*
#.#*,*,,,,,,*,*
.....#,,,******#g#*,*,****,*,*
.....#,,,,,,,,*#w#*,*,*,,,,*,****
.....#*,,...........#,*,**,,,,,,*
.....#*,,...........#,*,**,,,,,,*
.....#***####.......#**,**,,,,,,*
#'#### #.......#,,,****+**** #.#
#..!....#,******,*


You could see a gnoll (inner flame) and a dart slug (inner flame).

Vanquished Creatures
  A dart slug (D:1)
  2 leopard geckos (D:1)
  3 hobgoblins (D:1)
  3 bats (D:1)
  A goblin (D:1)
  A kobold (D:1)
11 creatures vanquished.

Notes
Turn   | Place    | Note
-------+----------+-------------------------------------------
     0 | D:1      | Anathematize the Demonspawn Monk began the quest for the
                  | Orb.
     0 | D:1      | Reached XP level 1. HP: 18/18 MP: 1/1
   823 | D:1      | Gained mutation: You have sharp toenails. [demonic
                  | ancestry]
   823 | D:1      | Reached XP level 2. HP: 20/24 MP: 2/2
   951 | D:1      | Slain by a gnoll

Levels and vault maps discovered:
D:1:      wheals_arrival_linesprint, layout_basic

Skill      XL: |  1 |
---------------+----+-----
Unarmed Combat | 3 |  3.2
Fighting       | |  3.2
Dodging        | |  2.6
Stealth        | |  1.7

Action                   || total
-------------------------++-------
Melee: Unarmed           ||    54
       Punch             ||     1
  Use: Scroll            ||     4
       Potion            ||     2
Armor: Ring mail         ||    20
       Skin              ||    12
Dodge: Dodged            ||    46

Table legend:
 A = Non-vault XP
 B = Vault XP
 C = Vault XP percentage of total XP
 D = Non-vault monster count
 E = Vault monster count
 F = Vault count percentage of total count
                 A         B        C        D         E       F
            +---------+---------+-------+---------+---------+-------
      Total |      21 |       0 |   0.0 |      11 |       0 |   0.0
            +---------+---------+-------+---------+---------+-------
        D:1 |      21 |       0 |   0.0 |      11 |       0 |   0.0
            +---------+---------+-------+---------+---------+-------
